 Dungeon Crawl Stone Soup version 0.28-a0-1347-g113dc556a4 (webtiles) character file.

Game seed: 14760678825087573588

65 frimble the Grasshopper (level 3, -1/27 HPs)
             Began as a Demonspawn Warper on Dec 30, 2021.
             Slain by Ijyb (3 damage)
             ... on level 3 of the Dungeon.
             The game lasted 00:02:23 (2407 turns).

frimble the Grasshopper (Demonspawn Warper)         Turns: 2407, Time: 00:02:23

Health: -1/27      AC:  5    Str: 11    XL:     3   Next: 94%
Magic:  6/6        EV: 12    Int: 16    God:
Gold:   96         SH:  4    Dex: 12    Spells: 4/6 levels left

rFire   . . .      SeeInvis .   l - +0 rapier
rCold   . . .      Faith    .   (no shield)
rNeg    . . .      Spirit   .   b - +0 leather armour
rPois   .          Reflect  .   k - +0 helmet
rElec   .          Harm     .   (no cloak)
rCorr   +          Rampage  .   (no gloves)
Will    .....                   j - +0 pair of boots
Stlth   +.........              (no amulet)
HPRegen 0.09/turn               g - ring of resist corrosion
MPRegen 0.10/turn               (no ring)

@: brilliant
A: claws 1, condensation shield
a: no special abilities


You were on level 3 of the Dungeon.
You visited 1 branch of the dungeon, and saw 3 of its levels.

You collected 96 gold pieces.

Inventory:

Hand Weapons
 a - a +0 falchion
 l - a +0 rapier (weapon)
Missiles
 d - 5 boomerangs of dispersal (quivered)
 e - 7 poisoned darts
Armour
 b - a +0 leather armour (worn)
 j - a +0 pair of boots (worn)
 k - a +0 helmet (worn)
Jewellery
 g - a ring of resist corrosion (left claw)
 n - a ring of magical power
Scrolls
 c - a scroll of blinking
 o - a scroll of enchant armour {unknown}
 p - a scroll of identify {unknown}
Potions
 h - a potion of heal wounds {unknown}
 i - a potion of haste {unknown}
 m - 2 potions of curing {unknown}


   Skills:
 - Level 2.0 Fighting
 - Level 0.2(1.3) Short Blades
 - Level 2.3 Long Blades
 + Level 2.1 Throwing
 - Level 0.8 Armour
 - Level 2.4 Dodging
 + Level 1.2 Unarmed Combat
 - Level 2.0 Spellcasting
 - Level 2.6 Translocations


You had 4 spell levels left.
You knew the following spells:

 Your Spells              Type           Power      Damage    Failure   Level
a - Blink                 Tloc           30%        N/A       14%         2

Your spell library contained the following spells:

 Spells                   Type           Power      Damage    Failure   Level
 Gell's Gravitas          Tloc           15%        N/A       26%         3
 Lesser Beckoning         Tloc           15%        N/A       26%         3
 Teleport Other           Tloc           15%        N/A       26%         3
 Manifold Assault         Tloc           15%        N/A       94%         5


Dungeon Overview and Level Annotations

Branches:
Dungeon (3/15)

Altars:
Makhleb

Shops:
D:1 !

Annotations:
D:3 Ijyb


Innate Abilities, Weirdness & Mutations

You have sharp fingernails.
A meltable shield of frost defends you. (SH +4)


Message History

No target in view!
Found a burning altar of Makhleb.
Ijyb the Twisted Goblin comes into view.
She is wielding a +0 club and carrying a wand of acid (2).
Ijyb is nearby!
Okay, then.
Ijyb screams, "Get away!"
It was a potion of brilliance.
You feel clever all of a sudden.
Ijyb zaps a wand.
The bolt of acid misses you.
You hit Ijyb.
Ijyb is lightly wounded.
Ijyb hits you with a +0 club.
You hit Ijyb but do no damage.
Ijyb is lightly wounded.
Ijyb closely misses you.
You closely miss Ijyb. Ijyb hits you with a +0 club.
You barely miss Ijyb.
Ijyb screams, "You nasty!
Big nasty!"
Ijyb barely misses you. You block Ijyb's attack.
Press: ? - help, v - describe, . - travel
Here: Ijyb, wielding a +0 club, wearing a +0 chain mail and carrying a wand of acid (1)
The floor.
Unknown command.
You hit Ijyb but do no damage. Ijyb closely misses you.
You hit Ijyb.
Ijyb is moderately wounded.
Ijyb closely misses you.
You hit Ijyb.
Ijyb is heavily wounded.
Ijyb closely misses you.
You barely miss Ijyb. Your claw misses Ijyb.
Ijyb is heavily wounded.
Ijyb zaps a wand.
The bolt of acid hits you! You resist.
Ouch! That really hurt!
* * * LOW HITPOINT WARNING * * *
The now-empty wand crumbles to dust.
You hit Ijyb but do no damage.
Ijyb is heavily wounded.
Ijyb hits you with a +0 club.
You die...

....#..#
###.########..##.......
....#..# #.# #_#
#..##.##..## .......#
#.####.###..##.##..##
.......#
#..#.##...##.##..##
.......#
#.##.##...##.....##
##.....#
#.##.##............
#.....#
#.##......######.##
#.....#
#g#####...######.##
#.....#
#.@..............##
##.#..#
#######.#.#########
#.#.<# #.#.# #
#.#.############# #.#.#
# #.#.............#
#.#.# #
#.#############.# #.#.#
# #.#############.#
#.#.# #
#...............# #.#.#
################# #...#


You could see Ijyb.

Vanquished Creatures
  2 adders (D:2)
  2 worms (D:2)
  2 dart slugs
  3 ball pythons
  4 bats
  5 endoplasms
  2 giant cockroaches
  A hobgoblin (D:2)
  3 kobolds
  3 quokkas
  4 frilled lizards
  2 goblins (D:1)
  5 rats
38 creatures vanquished.

Notes
Turn   | Place    | Note
-------+----------+-------------------------------------------
     0 | D:1      | frimble the Demonspawn Warper began the quest for the Orb.
     0 | D:1      | Reached XP level 1. HP: 16/16 MP: 3/3
   267 | D:1      | Found Pudous's Distillery.
   270 | D:1      | Reached skill level 1 in Throwing
   338 | D:1      | Gained mutation: A meltable shield of frost defends you.
                  | (SH +4) [demonic ancestry]
   338 | D:1      | Reached XP level 2. HP: 15/22 MP: 5/5
   341 | D:1      | Learned a level 2 spell: Blink
  1220 | D:2      | Gained mutation: You have sharp fingernails. [demonic
                  | ancestry]
  1220 | D:2      | Reached XP level 3. HP: 27/27 MP: 6/6
  1619 | D:2      | Found a faded altar of an unknown god.
  1885 | D:2      | Reached skill level 1 in Unarmed Combat
  2384 | D:3      | Found a burning altar of Makhleb.
  2384 | D:3      | Noticed a blizzard demon
  2394 | D:3      | Noticed Ijyb
  2407 | D:3      | Slain by Ijyb

Illustrated notes

Levels and vault maps discovered:
D:1:      wander_arrival_fairy_ring, layout_rooms, serial_shops, shop
D:2:      layout_loops_ring, nicolae_ecumenical_lake_church,
          kennysheep_generic_room_10
D:3:      layout_basic, mainiacjoe_overflow_surrounded_room,
          makhleb_altar_promises_db, uniq_ijyb, uniq_jessica,
          uniq_crazy_yiuf_cottage

Skill      XL: |  1  2  3 |
---------------+----------+-----
Long Blades    | 2 |  2.3
Dodging        | 2 |  2.4
Throwing       | 1 2 |  2.1
Unarmed Combat | 1 |  1.2
Fighting       | |  2.0
Short Blades   | |  0.2
Armour         | |  0.8
Spellcasting   | |  2.0
Translocations | |  2.6

Action                   || total
-------------------------++-------
Melee: Falchion          ||    58
       Rapier            ||    89
  Use: Potion            ||     1
Armor: Leather armour    ||    37
Dodge: Dodged            ||    74
Block: Other             ||    21

Table legend: (Time is in decaauts)
 A = Elapsed time spent in this place.
 B = Non-inter-level travel time spent in this place.
 C = Inter-level travel time spent in this place.
 D = Time resting spent in this place.
 E = Time spent auto-exploring this place.
 F = Levels seen in this place.
 G = Mean time per level.
                   A        B        C        D        E       F      G
               +--------+--------+--------+--------+--------+-----+--------+
         Total |   2430 |   2358 |     72 |      0 |   1975 |   3 |  810.0 |
       Dungeon |   2430 |   2358 |     72 |      0 |   1975 |   3 |  810.0 |
               +--------+--------+--------+--------+--------+-----+--------+

Top non-repeatable levels by time:
     D:1: 1126 daAuts
     D:2: 1042 daAuts
     D:3: 261 daAuts
